Map: Triton LE

Players

Julian

  • Race: Terran Terran
  • League: Bronze
  • Spawn Location: 11:00

Throwfordays - Winner!

  • Race: Zerg Zerg
  • League: Silver
  • Spawn Location: 5:00

VOD

Have the link to the VOD?

Description

Time

  • Played on: Aug. 22, 2019, 12:05 a.m.
  • Length: 7:35
Show
View Real Time Build Order
Export as new Build Order

Julian Terran 

Build Orders:  

Get SALT Encoding   

  12  0:02  SCV  
  13  0:17  SCV  
  13  0:20  Supply Depot  
  14  0:32  Supply Depot  
  14  0:48  Barracks  
  14  0:55  SCV  
  14  0:56  Refinery  
  15  1:07  SCV  
  16  1:19  SCV  
  16  1:23  Engineering Bay  
  17  1:31  SCV  
  18  1:35  Marine  
  19  1:50  Orbital Command  
  19  1:52  Marine  
  20  2:03  Terran Infantry Weapons Level 1  
  20  2:10  Marine  
  21  2:28  Marine  
  22  2:38  Engineering Bay  
  22  2:45  Factory  
  22  2:46  Marine  
  23  2:53  Barracks  
  23  3:04  Marine  
  24  3:22  Marine  
  23  3:39  Marine  
  24  3:45  Supply Depot  
  24  3:46  Command Center  
  24  3:47  Supply Depot  
  24  3:54  Barracks Reactor  
  24  3:57  Marine  
  25  4:11  Terran Infantry Armor Level 1  
  25  4:15  Marine  
  26  4:19  Armory  
  26  4:23  SCV  
  27  4:33  Marine  
  27  4:35  SCV  
  29  4:47  SCV  
  31  4:59  SCV  
  25  5:05  Marine  
  25  5:06  Marine  
  27  5:10  Barracks Tech Lab  
  27  5:23  Marine, Supply Depot  
  27  5:24  Marine  
  29  5:30  Planetary Fortress  
  29  5:39  Refinery  
  29  5:41  Marine  
  29  5:42  Marine  
  31  5:45  Marine  
  32  5:54  Stimpack  
  32  5:59  Marine x2  
  32  6:03  Marine  
  35  6:07  SCV x2  
  37  6:17  Marine x2  
  39  6:19  SCV x2  
  39  6:21  Marine  
  42  6:31  SCV  
  43  6:34  Marine  
  43  6:35  Marine  
  43  6:39  Marine  
  46  6:52  Marine  
  46  6:53  Marine  
  48  6:56  Marine  
  48  6:58  Refinery  
  48  7:01  Refinery  
  49  7:03  Factory Tech Lab  
  49  7:10  Marine  
  49  7:11  Marine  
  49  7:14  Marine  
Show
View Real Time Build Order
Export as new Build Order

Throwfordays Zerg - Winner!

Build Orders: Hatch First 

Get SALT Encoding   

  12  0:01  Drone  
  13  0:10  Drone  
  14  0:17  Overlord  
  14  0:36  Drone x3  
  17  0:55  Hatchery  
  16  0:58  Drone  
  17  1:12  Spawning Pool  
  17  1:14  Drone  
  17  1:19  Extractor  
  17  1:20  Drone  
  17  1:23  Drone  
  18  1:32  Drone  
  19  1:43  Overlord  
  19  1:55  Drone  
  19  1:59  Extractor, Queen  
  21  2:07  Queen  
  24  2:08  Drone  
  24  2:12  Drone  
  25  2:18  Drone  
  26  2:30  Drone x2  
  26  2:34  Metabolic Boost  
  28  2:41  Zergling x2  
  28  2:43  Drone x2  
  31  3:00  Zergling x4  
  31  3:02  Hatchery, Drone  
  31  3:04  Drone  
  33  3:26  Drone x3  
  36  3:28  Overlord  
  36  3:35  Overlord  
  36  3:36  Overlord  
  36  3:40  Overlord  
  36  3:43  Lair  
  36  3:53  Zergling x6  
  36  3:55  Zergling x2  
  40  3:56  Queen  
  40  4:00  Drone  
  43  4:07  Zergling x2  
  43  4:08  Zergling x4  
  46  4:12  Drone  
  47  4:19  Drone  
  47  4:22  Drone  
  47  4:23  Queen  
  51  4:29  Zergling x2  
  51  4:30  Zergling x2  
  53  4:33  Drone  
  53  4:37  Evolution Chamber  
  53  4:38  Drone x3  
  55  4:56  Drone x3  
  57  5:06  Drone x4  
  61  5:10  Zergling x6  
  61  5:13  Overlord x3  
  64  5:17  Zerg Melee Weapons Level 1  
  64  5:22  Roach Warren  
  64  5:24  Nydus Network  
  62  5:31  Evolution Chamber  
  61  5:38  Zergling x4  
  61  5:40  Zergling x6, Spore Crawler  
  65  5:45  Drone x4  
  65  5:46  Drone x2  
  71  5:50  Drone  
  71  5:54  Extractor  
  71  5:55  Extractor  
  70  6:15  Glial Reconstitution  
  70  6:18  Roach x3  
  76  6:23  Roach x5  
  86  6:26  Drone  
  86  6:27  Drone x4  
  91  6:37  Queen  
  93  6:43  Drone x2  
  93  6:47  Drone x3  
  97  6:52  Nydus Canal  
  98  6:56  Overseer  
Tags
 
Matchup
TvZ
Replay Pack
Multiplayer
Spawn Locations
Cross Positions
Add a new tag
Caveats
  • Supply blocks, unpowered buildings, or Contaminate may cause inaccurate times.
  • Supply counts are checked every 10 seconds.